 Dungeon Crawl Stone Soup version 0.28-a0-563-gf77a47075d (webtiles) character file.

Game seed: 5351766294988889767

6307 siradein the Protected (level 10, -16/64 HPs)
             Began as a Gargoyle Fighter on Sept 29, 2021.
             Was an Initiate of Gozag.
             Demolished by a red ugly thing (21 damage)
             ... on level 9 of the Dungeon on Sept 30, 2021.
             The game lasted 00:18:46 (11786 turns).

siradein the Protected (Gargoyle Fighter)          Turns: 11786, Time: 00:18:48

Health: -16/64     AC: 25    Str: 28    XL:     10   Next: 95%
Magic:  0/10       EV:  4    Int:  9    God:    Gozag
Gold:   903        SH: 14    Dex: 10    Spells: 9/9 levels left

rFire   . . .      SeeInvis +   B - +6 rapier "Transmigrator" {pain, rN+ SInv}
rCold   + . .      Faith    .   L - +0 tower shield
rNeg    + + .      Spirit   +   F - +3 plate armour
rPois   ∞          Reflect  .   (no helmet)
rElec   +          Harm     .   (no cloak)
rCorr   .          Rampage  .   f - +0 pair of gloves
Will    .....                   (no boots)
Stlth   ..........              a - amulet of guardian spirit
HPRegen 0.20/turn               j - ring of protection from cold
MPRegen 0.12/turn               k - +6 ring of strength

@: no status effects
A: sickness immunity, AC +7, negative energy resistance 1, electricity
resistance, torment resistance 1, petrification resistance
a: Renounce Religion, Potion Petition, Call Merchant, Bribe Branch


You were on level 9 of the Dungeon.
You worshipped Gozag.
Gozag was pleased with you.
You visited 2 branches of the dungeon, and saw 11 of its levels.

You collected 991 gold pieces.
You paid 88 gold pieces to Gozag.

Inventory:

Hand Weapons
 t - a +2 whip of venom
 B - the +6 rapier "Transmigrator" (weapon) {pain, rN+ SInv}
   (You found it on level 5 of the Dungeon)

   In the hands of one skilled in necromantic magic, it inflicts extra damage on
   living creatures.
   rN:        It protects you from negative energy.
   SInv:      It lets you see invisible.
Missiles
 e - 255 stones (quivered)
 H - 20 poisoned darts
Armour
 f - a +0 pair of gloves (worn)
 F - a +3 plate armour (worn)
 L - a +0 tower shield (worn)
Jewellery
 a - an amulet of guardian spirit (around neck)
 j - a ring of protection from cold (left hand)
 k - a +6 ring of strength (right hand)
Wands
 w - a wand of iceblast (17)
 C - a wand of flame (23)
 D - a wand of paralysis (8)
Scrolls
 g - a scroll of immolation
 h - a scroll of amnesia
 i - 2 scrolls of vulnerability
 m - 2 scrolls of enchant armour {unknown}
 n - 3 scrolls of noise {unknown}
 p - a scroll of magic mapping {unknown}
 q - a scroll of acquirement {unknown}
 r - 3 scrolls of teleportation
 x - 2 scrolls of torment
 y - a scroll of enchant weapon {unknown}
 E - 2 scrolls of blinking {unknown}
 I - a scroll of fear
Potions
 b - 5 potions of curing
 d - 2 potions of might
 l - a potion of brilliance {unknown}
 o - a potion of attraction {unknown}
 s - 2 potions of berserk rage
 u - a potion of magic {unknown}
 v - a potion of resistance {unknown}
 z - 3 potions of ambrosia {unknown}
 A - a potion of lignification
 G - 2 potions of flight {unknown}
 J - 2 potions of heal wounds {unknown}
 K - a potion of cancellation {unknown}


   Skills:
 + Level 8.2 Fighting
 + Level 3.6 Short Blades
 - Level 5.6 Maces & Flails
 + Level 5.9 Throwing
 + Level 8.2 Armour
 + Level 8.1 Shields
 + Level 3.2 Necromancy
 + Level 3.4 Evocations


You had 9 spell levels left.
You didn't know any spells.
Your spell library contained the following spells:

 Spells                   Type           Power      Damage    Failure   Level
 Animate Skeleton         Necr           10%        N/A       100%        1
 Apportation              Tloc           0%         N/A       100%        1
 Foxfire                  Conj/Fire      0%         2x1d4     100%        1
 Summon Small Mammal      Summ           0%         N/A       100%        1
 Blink                    Tloc           N/A        N/A       100%        2
 Ensorcelled Hibernation  Hex/Ice        0%         N/A       100%        2
 Conjure Flame            Conj/Fire      0%         6-21      100%        3
 Ignite Poison            Fire/Tmut/Pois 0%         N/A       100%        3
 Inner Flame              Hex/Fire       0%         N/A       100%        3
 Lesser Beckoning         Tloc           0%         N/A       100%        3
 Tukima's Dance           Hex            0%         N/A       100%        3
 Flame Wave               Conj/Fire      0%         3d3       100%        4
 Sticky Flame             Conj/Fire      0%         2d3       100%        4
 Manifold Assault         Tloc           0%         N/A       100%        5


Dungeon Overview and Level Annotations

Branches:
Dungeon (10/15)            Temple (1/1) D:6
   Lair: D:8-11         Orc: D:9-12

Altars:
Ashenzari
Cheibriados
Dithmenos
Fedhas
Gozag
Hepliaklqana
Kikubaaqudgha
Makhleb
Okawaru
Qazlal
Ru
Sif Muna
Trog
Vehumet
Xom
Yredelemnul
Zin
The Shining One

Shops:
D:1 [

Annotations:
D:6 2 transporters


Innate Abilities, Weirdness & Mutations

You are immune to sickness and miasma.
Your stone body is resilient. (AC +7)
You are immune to poison.
You resist negative energy. (rN+)
You are resistant to electric shocks. (rElec)
You are resistant to unholy torment.
You are immune to petrification.


Message History

The red ugly thing is lightly wounded.
You block the red ugly thing's attack.
The red ugly thing punches you but does no damage.
You hit the red ugly thing.
The red ugly thing writhes in agony.
The red ugly thing is lightly wounded.
You block the red ugly thing's attack.
You puncture the red ugly thing!
The red ugly thing writhes in agony.
The red ugly thing is moderately wounded.
The red ugly thing punches you.
You are engulfed in flames!
You hit the red ugly thing.
The red ugly thing writhes in agony.
The red ugly thing is moderately wounded.
You block the red ugly thing's attack.
The red ugly thing punches you but does no damage.
You hit the red ugly thing.
The red ugly thing writhes in agony.
The red ugly thing is heavily wounded.
The red ugly thing punches you but does no damage.
You barely miss the red ugly thing.
The red ugly thing is heavily wounded.
You block the red ugly thing's attack.
You completely miss the red ugly thing.
The red ugly thing is heavily wounded.
You block the red ugly thing's attack. x2
You puncture the red ugly thing!
The red ugly thing is heavily wounded.
The red ugly thing punches you!
You are engulfed in flames!
You are too injured to fight recklessly!
You are too injured to fight recklessly!
You are too injured to fight recklessly!
You are too injured to fight recklessly!
You hit the red ugly thing.
The red ugly thing writhes in agony.
The red ugly thing is severely wounded.
The red ugly thing punches you!
You are engulfed in flames!
* * * LOW HITPOINT WARNING * * *
You puncture the red ugly thing!
The red ugly thing is almost dead.
The red ugly thing punches you!
* * * LOW HITPOINT WARNING * * *
You are engulfed in flames!!
You die...
Your body crumbles into a pile of gold.

##.#### #..#
###'####### #
#####.........# ..
##...'.........#
...
...###.........#
.... ####
#.........# ..!.[
#.........###y.....
#.........'@uy.....
#.[.......###y.....
########### #####


You could see a red ugly thing and 3 killer bees.

Vanquished Creatures
  A two-headed ogre (D:6)
  Sigmund (D:3)
  17 yaks
  A water moccasin (D:7)
  Purgy (D:3)
  4 orc warriors
  A black bear (D:5)
  2 ice beasts
  3 ogres
  A gnoll sergeant (D:8)
  3 scorpions
  11 wights
  A bullfrog zombie (D:5)
  3 hounds
  A bullfrog skeleton (D:6)
  6 jellies
  6 orc priests
  A centaur skeleton (D:4)
  2 iguanas
  Ijyb (D:5)
  Natasha (thrice) (D:4)
  14 orc wizards
  A howler monkey zombie (D:6)
  14 gnolls
  3 adders
  An adder skeleton (D:4)
  3 worms
  A dart slug (D:4)
  14 orcs
  14 endoplasms
  3 giant cockroaches
  8 hobgoblins
  10 jackals
  19 kobolds
  3 quokkas
  9 ball pythons
  7 bats
  5 frilled lizards
  7 goblins
  6 rats
212 creatures vanquished.

Vanquished Creatures (others)
  4 fungi (D:4)
  A plant (D:10)
  9 toadstools (D:4)
14 creatures vanquished.

Grand Total: 226 creatures vanquished

Notes
Turn   | Place    | Note
-------+----------+-------------------------------------------
     0 | D:1      | siradein the Gargoyle Fighter began the quest for the Orb.
     0 | D:1      | Reached XP level 1. HP: 14/14 MP: 1/1
   487 | D:1      | Reached XP level 2. HP: 17/19 MP: 2/2
   528 | D:1      | Found a faded altar of an unknown god.
   568 | D:1      | Found Daomal's Armour Boutique.
   793 | D:1      | Reached XP level 3. HP: 23/23 MP: 3/3
  1779 | D:2      | Reached skill level 1 in Throwing
  1810 | D:2      | Reached XP level 4. HP: 27/29 MP: 4/4
  2170 | D:3      | Found a stormy altar of Qazlal.
  2568 | D:3      | Reached XP level 5. HP: 30/33 MP: 5/5
  3185 | D:3      | Noticed Purgy
  3217 | D:3      | Killed Purgy
  3218 | D:3      | Reached XP level 6. HP: 36/39 MP: 6/6
  3275 | D:3      | Noticed Sigmund
  3310 | D:3      | Killed Sigmund
  3638 | D:3      | Reached XP level 7. HP: 41/44 MP: 7/7
  3679 | D:3      | Found a glowing silver altar of Zin.
  4027 | D:3      | Reached skill level 5 in Fighting
  4027 | D:3      | Reached skill level 5 in Armour
  4027 | D:3      | Reached skill level 5 in Shields
  4713 | D:4      | Reached XP level 8. HP: 41/50 MP: 8/8
  4871 | D:4      | Noticed Natasha
  4877 | D:4      | Killed Natasha
  5151 | D:4      | Noticed Natasha
  5158 | D:4      | Killed Natasha
  5269 | D:4      | Noticed Natasha
  5276 | D:4      | Killed Natasha
  5340 | D:5      | Entered Level 5 of the Dungeon
  5346 | D:5      | Noticed a yak
  5371 | D:5      | Killed a yak
  5539 | D:5      | Noticed a yak
  5545 | D:5      | Noticed a yak
  5545 | D:5      | Noticed a yak
  5545 | D:5      | Noticed a yak
  5562 | D:5      | Killed a yak
  5563 | D:5      | Reached skill level 5 in Maces & Flails
  5583 | D:5      | Killed a yak
  5612 | D:5      | Killed a yak
  5613 | D:5      | Reached XP level 9. HP: 56/56 MP: 9/9
  6318 | D:5      | Identified the +6 rapier "Transmigrator" {pain, rN+ SInv}
  6358 | D:5      | Noticed Ijyb
  6392 | D:5      | Killed Ijyb
  7175 | D:6      | Found a shimmering blue altar of Sif Muna.
  7207 | D:6      | Found a blossoming altar of Fedhas.
  7208 | D:6      | Found an ancient bone altar of Kikubaaqudgha.
  7254 | D:6      | Found a staircase to the Ecumenical Temple.
  7268 | D:6      | Noticed a gargoyle
  7272 | Temple   | Entered the Ecumenical Temple
  7337 | Temple   | Became a worshipper of Gozag Ym Sagoz the Greedy
  7536 | D:5      | Reached skill level 1 in Short Blades
  8135 | D:5      | Reached skill level 1 in Necromancy
  8135 | D:5      | Reached skill level 1 in Evocations
  8508 | D:6      | Noticed a two-headed ogre
  8546 | D:6      | Killed a two-headed ogre
  8547 | D:6      | Reached skill level 5 in Throwing
  8766 | D:6      | Found a sacrificial altar of Ru.
  8909 | D:6      | Found a transporter.
  8923 | D:6      | Noticed a kobold demonologist
  8944 | D:6      | Found a transporter.
  8963 | D:6      | Found a broken altar of Ashenzari.
  8980 | D:6      | Reached XP level 10. HP: 58/63 MP: 7/10
 10920 | D:8      | Found a snail-covered altar of Cheibriados.
 11059 | D:8      | You fall into a shaft and drop 2 floors!
 11059 | D:10     | Entered Level 10 of the Dungeon
 11526 | D:9      | Identified the +7 dagger of Discomfort {flame, rN+ MP+9
                  | Dex-5}
 11770 | D:9      | Noticed a red ugly thing
 11786 | D:9      | Demolished by a red ugly thing

Illustrated notes

Levels and vault maps discovered:
D:1:      dpeg_arrival_boxorama, layout_loops_corners, serial_shops,
          shop_fountains, hellmonk_ecumenical_altar_blasted, st_stairs_1
D:2:      layout_loops_cross
D:3:      layout_basic, marbit_many_paths, mainiacjoe_overflow_paths,
          uniq_purgy, uniq_sigmund
D:4:      cheibrodos_fertilizer, layout_cave_pods, uniq_natasha
D:5:      layout_loops_ring, uniq_ijyb
D:6:      gammafunk_wand_slinger, layout_cave_pools,
          grunt_temple_overflow_growth_and_decay, mainiacjoe_overflow_24_doors,
          mainiacjoe_overflow_concentric_impassable, evilmike_ruin_ashenzari,
          minmay_temple_entry_grid
D:7:      layout_loops_ring
D:8:      layout_layer_cave, mainiacjoe_overflow_boulevard,
          nemelex_diamond_rough_becter, kennysheep_decorative_pillar
D:9:      layout_roguey, mainiacjoe_overflow_catch_the_wave
D:10:     layout_rooms, elyvilon_altar_5, erik_lair_island, serial_bayou_lake_a
Temple:   eino_wide_crystal_templ

Skill      XL: |  1  2  3  4  5  6  7  8  9 10 |
---------------+-------------------------------+-----
Throwing       | 1 2 3 4 5 |  5.9
Armour         | 4 5 6 7 8 |  8.2
Fighting       | 4 5 6 7 8 |  8.2
Shields        | 4 5 6 7 8 |  8.1
Maces & Flails | 3 4 5 |  5.6
Short Blades   | 2 3 |  3.6
Necromancy     | 1 3 |  3.2
Evocations     | 2 3 |  3.4

Action                   |  1- 3 |  4- 6 |  7- 9 | 10-12 || total
-------------------------+-------+-------+-------+-------++-------
Melee: Flail             |   125 |    89 |    12 |       ||   226
       Whip              |       |    54 |   220 |       ||   274
       Rapier            |       |       |   129 |   250 ||   379
Throw: Stone             |       |     4 |    28 |       ||    32
  Use: Scroll            |       |       |     4 |     4 ||     8
Armor: Scale mail        |    56 |       |       |       ||    56
       Plate armour      |    38 |   113 |   113 |    48 ||   312
       Chain mail        |       |       |    71 |    71 ||   142
Dodge: Dodged            |    57 |    37 |    96 |    64 ||   254
Block: Buckler           |    38 |    31 |    91 |    41 ||   201
       Tower shield      |       |       |       |    10 ||    10

Table legend: (Time is in decaauts)
 A = Elapsed time spent in this place.
 B = Non-inter-level travel time spent in this place.
 C = Inter-level travel time spent in this place.
 D = Time resting spent in this place.
 E = Time spent auto-exploring this place.
 F = Levels seen in this place.
 G = Mean time per level.
                   A        B        C        D        E       F      G
               +--------+--------+--------+--------+--------+-----+--------+
         Total |  11883 |  11664 |    219 |   1378 |   7787 |  11 | 1080.3 |
       Dungeon |  11654 |  11435 |    219 |   1378 |   7624 |  10 | 1165.4 |
        Temple |    229 |    229 |      0 |      0 |    163 |   1 |  229.0 |
               +--------+--------+--------+--------+--------+-----+--------+

Top non-repeatable levels by time:
     D:5: 2102 daAuts
     D:4: 1787 daAuts
     D:3: 1641 daAuts
     D:1: 1340 daAuts
     D:6: 1150 daAuts
     D:2: 1104 daAuts
     D:7: 1096 daAuts
     D:8: 694 daAuts
    D:10: 429 daAuts
     D:9: 305 daAuts
  Temple: 229 daAuts
